 Dungeon Crawl Stone Soup version 0.23-a0-643-g9ccc95a (webtiles) character file.

182195 ohad the Peltast (level 17, -4/166 HPs)
             Began as a Troll Monk on Dec 28, 2018.
             Was a High Priest of Okawaru.
             Slain by an entropy weaver (10 damage)
             ... on level 3 of the Spider Nest on Dec 31, 2018.
             The game lasted 01:58:53 (29853 turns).

ohad the Peltast (Troll Monk)                      Turns: 29853, Time: 01:58:54

Health: -4/166     AC:  5    Str: 23      XL:     17   Next: 70%
Magic:  19/19      EV: 11    Int:  3 (9)  God:    Okawaru [*****.]
Gold:   2671       SH: 29    Dex: 14 (17) Spells: 16/16 levels left

rFire    + . .     SeeInvis +     - Unarmed
rCold    + + .     Gourm    +   t - +3 large shield "Cimuizes" {rPois rC+ MR+}
rNeg     . . .     Faith    .   U - +2 shadow dragon scales
rPois    +         Spirit   .   O - +1 hat {Int+3}
rElec    .         Reflect  +   D - +1 cloak {rPois}
rCorr    .         Harm     .   (gloves unavailable)
MR       ++...                  (boots unavailable)
Stlth    +++.......             F - +6 amulet of reflection
HPRegen  0.77/turn              N - ring of see invisible
MPRegen  0.16/turn              s - ring of protection from fire

@: corroded
A: large, unfitting armour, claws 3, cold resistance 1, deformed body, fast
metabolism 3, gourmand, regeneration 1, shaggy fur 1, tough skin 2, wild magic 1
a: Heroism, Finesse, Renounce Religion


You were on level 3 of the Spider Nest.
You worshipped Okawaru.
Okawaru was extremely pleased with you.
You were not hungry.

You visited 5 branches of the dungeon, and saw 27 of its levels.
You also visited: Volcano.

You collected 2699 gold pieces.
You spent 28 gold pieces at shops.

Inventory:

Hand Weapons
 z - a +4 scimitar of flaming
Missiles
 R - 31 large rocks (quivered)
 W - 3 javelins of returning
Armour
 c - +0 fire dragon scales
 t - the +3 large shield "Cimuizes" (worn) {rPois rC+ MR+}
   (Okawaru gifted it to you on level 15 of the Dungeon)

   It protects you from cold.
   It protects you from poison.
   It affects your resistance to hostile enchantments.
 u - a +1 large shield of protection
 D - a +1 cloak of poison resistance (worn)
 M - a scarf of cloud immunity
 O - a +1 hat of intelligence (worn)
 Q - the +7 steam dragon scales "Luphus" {-Tele +Inv MR++ Stlth+}
   (Okawaru gifted it to you on level 1 of the Orcish Mines)

   It affects your resistance to hostile enchantments.
   It lets you turn invisible.
   It prevents most forms of teleportation.
   It makes you more stealthy.
 U - +2 shadow dragon scales (worn)
Jewellery
 a - an uncursed amulet of the acrobat
 l - an uncursed ring of stealth
 r - an uncursed ring of protection from cold
 s - a ring of protection from fire (right claw)
 F - a +6 amulet of reflection (around neck)
 N - a ring of see invisible (left claw)
 T - an uncursed ring of ice
Wands
 A - a wand of iceblast (21)
 I - a wand of disintegration (17)
 K - a wand of clouds (9)
 Y - a wand of digging (2)
Scrolls
 d - 4 scrolls of enchant armour {unknown}
 f - a scroll of summoning {unknown}
 g - 3 scrolls of random uselessness {unknown}
 i - 12 scrolls of teleportation
 j - 3 scrolls of torment {unknown}
 k - 4 scrolls of blinking
 m - 11 scrolls of magic mapping
 n - 5 scrolls of enchant weapon {unknown}
 o - 11 scrolls of remove curse
 w - 2 scrolls of immolation {unknown}
 x - 6 scrolls of amnesia {unknown}
 P - 6 scrolls of fear {unknown}
 X - a scroll of silence
Potions
 e - 6 potions of flight
 h - 4 potions of curing
 q - a potion of brilliance
 B - 2 potions of cancellation
 C - 3 potions of haste
 E - 5 potions of agility
 J - a potion of heal wounds
 S - 3 potions of might
 Z - 4 potions of berserk rage
Miscellaneous
 p - 3 phantom mirrors
 v - a lightning rod (4/4)
 G - a box of beasts
 H - a lamp of fire
 L - a fan of gales
 V - a fan of gales
Comestibles
 b - 68 rations


   Skills:
 - Level 10.1 Fighting
 - Level 6.6 Throwing
 - Level 9.3 Armour
 + Level 9.1 Dodging
 - Level 1.0 Stealth
 - Level 15.0 Shields
 - Level 14.9 Unarmed Combat
 - Level 5.1 Invocations
 - Level 2.2 Evocations


You had 16 spell levels left.
You didn't know any spells.
Your spell library contained the following spells:

 Spells                   Type           Power        Failure   Level  Hunger
 Beastly Appendage        Tmut           #.....       99%         1    ##.....
 Confusing Touch          Hex            #.....       99%         1    ##.....
 Corona                   Hex            #......      99%         1    ##.....
 Freeze                   Ice            #...         99%         1    ##.....
 Magic Dart               Conj           #...         99%         1    ##.....
 Sandblast                Erth           #.....       99%         1    ##.....
 Summon Small Mammal      Summ           #...         99%         1    ##.....
 Call Imp                 Summ           #.......     100%        2    ###....
 Ensorcelled Hibernation  Hex/Ice        #.....       100%        2    ###....
 Passwall                 Tmut/Erth      #.......     100%        2    ###....
 Searing Ray              Conj           #.....       100%        2    ###....
 Sticks to Snakes         Tmut           #.......     100%        2    ###....
 Swiftness                Chrm/Air       #.......     100%        2    ###....
 Throw Frost              Conj/Ice       #.....       100%        2    ###....
 Call Canine Familiar     Summ           #.......     100%        3    ####...
 Confuse                  Hex            #.......     100%        3    ####...
 Dazzling Spray           Conj/Hex       #.....       100%        3    ####...
 Gell's Gravitas          Tloc           #.........   100%        3    ####...
 Ozocubu's Armour         Chrm/Ice       #.......     100%        3    ####...
 Portal Projectile        Hex/Tloc       #.....       100%        3    ####...
 Spectral Weapon          Hex/Chrm       #.......     100%        3    ####...
 Spider Form              Tmut/Pois      #.........   100%        3    ####...
 Stone Arrow              Conj/Erth      #.....       100%        3    ####...
 Summon Guardian Golem    Hex/Summ       #.......     100%        3    ####...
 Tukima's Dance           Hex            #.......     100%        3    ####...
 Force Lance              Conj/Tloc      #.......     100%        4    #####..
 Fulminant Prism          Conj/Hex       #.........   100%        4    #####..
 Ice Form                 Ice/Tmut       #.......     100%        4    #####..
 Iskenderun's Mystic Bla  Conj           #.......     100%        4    #####..
 Petrify                  Tmut/Erth      #.......     100%        4    #####..
 Summon Ice Beast         Ice/Summ       #.......     100%        4    #####..
 Summon Lightning Spire   Summ/Air       #.......     100%        4    #####..
 Throw Icicle             Conj/Ice       #.......     100%        4    #####..
 Blade Hands              Tmut           #.........   100%        5    ######.
 Lee's Rapid Deconstruct  Erth           #.........   100%        5    ######.
 Metabolic Englaciation   Hex/Ice        #.........   100%        5    ######.
 Yara's Violent Unravell  Hex/Tmut       #.........   100%        5    ######.
 Deflect Missiles         Chrm/Air       #.........   100%        6    #######
 Statue Form              Tmut/Erth      #........    100%        6    #######


Dungeon Overview and Level Annotations

Branches:
Dungeon (15/15)            Temple (1/1) D:6            Lair (6/6) D:8
 Shoals (0/4) Lair:3       Spider (3/4) Lair:3        Slime (0/5) Lair:5
    Orc (2/2) D:10            Elf (0/3) Orc:2        Vaults (0/5) D:13
 Depths (0/5) D:15

Altars:
Ashenzari
Elyvilon
Gozag
Kikubaaqudgha
Okawaru
Ru
Trog
Vehumet
Wu Jian
Xom
Yredelemnul
The Shining One
Beogh
Jiyva

Shops:
D:14 [   D:15 [   Orc:2 *:*(

Portals:
Pandemonium: Orc:2

Annotations:
D:7 1 transporter, asdu's ghost, novice DEEE
Lair:4 1 runed door, Caaffuqiox's ghost, journeyman MfGl


Innate Abilities, Weirdness & Mutations

You are too large for most types of armour.
You have claws for hands.
Your metabolism is lightning-fast.
You like to eat raw meat.
Your natural rate of healing is unusually fast.
You are covered in fur. (AC +1)
You have very tough skin. (AC +2)
Your flesh is cold resistant. (rC+)
Armour fits poorly on your strangely shaped body.
Your spells are a little harder to cast, but a little more powerful.


Message History

The entropy weaver hits you.
* * * LOW HITPOINT WARNING * * *
The entropy weaver hits you but does no damage.
The entropy weaver hits you.
* * * LOW HITPOINT WARNING * * *
The entropy weaver hits you!
* * * LOW HITPOINT WARNING * * *
The tarantella bites you!
* * * LOW HITPOINT WARNING * * *
You feel better. You block the redback's attack.
The jumping spider pounces on you.
* * * LOW HITPOINT WARNING * * *
You block the jumping spider's attack. The redback bites you.
* * * LOW HITPOINT WARNING * * *
The redback barely misses you. The redback closely misses you.
The tarantella closely misses you. The redback bites you!
* * * LOW HITPOINT WARNING * * *
The entropy weaver hits you but does no damage.
You block the entropy weaver's attack. The entropy weaver hits you!
You die...

....... ....$..
.....(. .......
....... .(.....
......! ......(
.......#....^#.
.........$...≈.
#.....ss....#
......s@a^..#
......sss...≈..
............#..
............#
#.........#.#
##............
#≈##..^....#...
## ........≈ ..


You could see an entropy weaver, a jumping spider, a tarantella and 4 redbacks.

Vanquished Creatures
  The ghost of Jyefoybb the Severer, an adept NaWn of Gozag (Spider:1)
  Rupert (D:15)
  Agnes (D:15)
  Kirke (Lair:3)
  The ghost of wazuzu the Black Belt, an adept DsBe of Trog (Spider:2)
  Roxanne (D:15)
  2 ghost moths (Spider:1)
  2 entropy weavers
  A stone giant (D:13)
  Azrael (D:15)
  A dire elephant (Lair:6)
  Josephine (D:13)
  A fire dragon (Lair:6)
  A yaktaur captain (D:15)
  A great orb of eyes (D:13)
  A rakshasa (D:13)
  Harold (D:7)
  3 catoblepae
  3 hydras
  6 centaur warriors
  2 ogre magi
  2 death knights
  14 two-headed ogres
  2 dancing weapons (D:13)
  A tengu warrior (D:13)
  A hell hog (Volcano)
  7 orc high priests
  Sonja (D:11)
  2 fire crabs
  2 unseen horrors
  7 skeletal warriors
  A wizard (D:15)
  A flayed ghost (D:13)
  3 infernal demonspawn (Orc:2)
  A swamp dragon (Lair:6)
  2 phantasmal warriors (D:15)
  7 ugly things
  7 orc knights
  6 orb spiders (Spider:1)
  A wolf spider zombie (D:11)
  7 orc sorcerers
  12 wolf spiders
  An oklob plant (Lair:2)
  A manticore (D:15)
  8 elephants
  A guardian serpent (D:11)
  4 cyclopes
  2 black mambas
  2 orange demons (Orc:2)
  7 spiny frogs
  4 torpor snails
  4 gargoyles
  2 freezing wraiths
  8 komodo dragons
  A kobold demonologist (D:13)
  4 rime drakes
  9 yaktaurs (D:15)
  12 demonic crawlers
  A red devil (Orc:2)
  12 jumping spiders
  7 trolls
  2 meliai (D:15)
  4 hornets
  10 polar bears (Lair:6)
  3 raiju (Lair:6)
  7 dream sheep (Lair:6)
  3 blink frogs
  9 hippogriffs
  A shadow (D:14)
  19 tarantellas
  A wyvern (D:14)
  A vampire (D:12)
  30 redbacks
  6 wraiths
  40 yaks
  Eustachio (D:4)
  10 fire bats (Volcano)
  A fire elemental (D:15)
  A hog (Lair:3)
  A redback simulacrum (D:15)
  12 vampire mosquitoes
  2 steam dragons
  2 basilisks
  2 acid dragons
  18 hell hounds
  9 wargs
  14 water moccasins
  44 orc warriors
  5 porcupines
  3 sky beasts
  4 ice beasts
  12 black bears
  A swamp drake (Lair:6)
  A necrophage (D:10)
  2 eyes of draining
  3 phantoms
  21 wolves
  8 ogres
  A black bear (shapeshifter) (D:14)
  21 centaurs
  14 crocodiles
  2 big kobolds
  19 bullfrogs
  A wyvern zombie (D:13)
  A water moccasin skeleton (D:6)
  4 scorpions
  A wyvern skeleton (D:11)
  10 killer bees
  8 jellies
  8 wights
  2 howler monkeys
  2 electric eels
  3 crimson imps
  2 centaur zombies
  5 lava snakes (Volcano)
  40 orc priests
  A bullfrog zombie (D:12)
  9 centaur skeletons
  6 hounds
  27 orc wizards
  2 bullfrog skeletons
  A gnoll shaman (D:6)
  Natasha (twice) (D:2)
  8 iguanas
  10 worker ants
  A killer bee zombie (D:7)
  A hound skeleton (D:6)
  A howler monkey zombie (D:10)
  A worker ant zombie (D:6)
  11 gnolls
  10 adders
  3 shadow imps
  An ooze (D:3)
  3 adder skeletons
  5 worms
  5 dart slugs
  2 leopard geckos
  114 orcs
  2 ball pythons
  6 giant cockroaches
  7 goblins
  9 hobgoblins
  11 jackals
  3 quokkas
  6 bats
  4 frilled lizards
  A giant cockroach zombie (D:5)
  2 jackal zombies (D:5)
  12 kobolds
  7 rats
  A bush (D:10)
  A plant (Lair:2)
963 creatures vanquished.

Vanquished Creatures (others)
  An unseen horror (D:13)
  2 yaktaurs
  A demonic crawler (Spider:1)
  A rime drake (Lair:6)
  A meliai (D:15)
  2 humans (Lair:4)
  A vampire mosquito (D:13)
  A steam dragon (Volcano)
  2 centaurs
  An orc (Orc:2)
  8 fungi (Lair:6)
  23 plants
44 creatures vanquished.

Grand Total: 1007 creatures vanquished

Notes
Turn   | Place    | Note
-------+----------+-------------------------------------------
     0 | D:1      | ohad the Troll Monk began the quest for the Orb.
     0 | D:1      | Reached XP level 1. HP: 22/22 MP: 0/0
    59 | D:1      | Reached XP level 2. HP: 26/29 MP: 1/1
   237 | D:1      | Reached XP level 3. HP: 36/36 MP: 2/2
   822 | D:2      | Reached skill level 5 in Unarmed Combat
   822 | D:2      | Reached XP level 4. HP: 40/44 MP: 3/3
  1043 | D:2      | Noticed Natasha
  1046 | D:2      | Killed Natasha
  1055 | D:2      | Reached XP level 5. HP: 44/50 MP: 4/4
  1399 | D:2      | Noticed Natasha
  1406 | D:2      | Killed Natasha
  2046 | D:3      | Reached XP level 6. HP: 55/59 MP: 5/5
  2114 | D:3      | Found a white marble altar of Elyvilon.
  2389 | D:4      | Found an ornate altar of the Wu Jian Council.
  2451 | D:4      | Found a shimmering altar of Xom.
  2509 | D:4      | Found a glowing golden altar of the Shining One.
  2512 | D:4      | Found a bloodstained altar of Trog.
  2522 | D:4      | Noticed Eustachio
  2543 | D:4      | Killed Eustachio
  3273 | D:5      | Entered Level 5 of the Dungeon
  3299 | D:5      | Reached XP level 7. HP: 66/66 MP: 6/6
  3954 | D:6      | Reached XP level 8. HP: 65/74 MP: 7/7
  3961 | D:6      | Found a basalt altar of Yredelemnul.
  3964 | D:6      | Found a staircase to the Ecumenical Temple.
  3977 | Temple   | Entered the Ecumenical Temple
  3991 | Temple   | Became a worshipper of Warmaster Okawaru
  3991 | Temple   | Reached * piety under Okawaru
  3991 | Temple   | Reached ** piety under Okawaru
  4099 | D:6      | Found a shattered altar of Ashenzari.
  4603 | D:6      | Reached skill level 5 in Invocations
  4856 | D:7      | Noticed asdu's ghost (novice DEEE)
  4857 | D:7      | Found a transporter.
  4857 | D:7      | Noticed a two-headed ogre
  4890 | D:7      | Reached skill level 10 in Unarmed Combat
  5116 | D:7      | Reached *** piety under Okawaru
  5116 | D:7      | Reached XP level 9. HP: 62/80 MP: 8/11
  5167 | D:7      | Noticed Harold
  5185 | D:7      | Killed Harold
  5185 | D:7      | Reached skill level 5 in Dodging
  5905 | D:8      | Reached **** piety under Okawaru
  6043 | D:8      | Found a staircase to the Lair.
  6541 | D:8      | Found an iron altar of Okawaru.
  6710 | D:9      | Reached XP level 10. HP: 91/94 MP: 12/12
  6789 | D:9      | Reached skill level 5 in Fighting
  7229 | D:9      | Reached ***** piety under Okawaru
  7993 | D:10     | Entered Level 10 of the Dungeon
  8034 | D:10     | Received a gift from Okawaru
  8175 | D:10     | Noticed a two-headed ogre
  8179 | D:10     | Killed a two-headed ogre
  8245 | D:10     | Found a staircase to the Orcish Mines.
  8498 | D:10     | Noticed a gargoyle
  8509 | D:10     | Killed a gargoyle
  8509 | D:10     | Reached XP level 11. HP: 73/113 MP: 13/13
  9079 | D:11     | Reached skill level 1 in Shields
  9086 | D:11     | Reached skill level 2 in Shields
  9341 | D:11     | Reached skill level 1 in Armour
  9341 | D:11     | Reached skill level 3 in Shields
  9356 | D:11     | Noticed Sonja
  9375 | D:11     | Killed Sonja
  9612 | D:10     | Killed an unseen horror
  9612 | D:10     | Reached skill level 4 in Shields
  9827 | D:11     | Noticed a two-headed ogre
  9833 | D:11     | Killed a two-headed ogre
 10020 | D:12     | Noticed a centaur warrior
 10029 | D:12     | Killed a centaur warrior
 10029 | D:12     | Reached skill level 5 in Shields
 10226 | D:12     | Killed an unseen horror
 10307 | D:12     | Noticed a white ugly thing
 10323 | D:12     | Killed a white ugly thing
 10328 | D:12     | Reached skill level 6 in Shields
 10360 | D:12     | Reached XP level 12. HP: 78/122 MP: 14/14
 10422 | D:12     | Reached skill level 1 in Throwing
 11360 | Lair:1   | Entered Level 1 of the Lair of Beasts
 11545 | Lair:1   | Reached skill level 5 in Throwing
 12118 | Lair:2   | Reached skill level 1 in Evocations
 12127 | Lair:2   | Reached ****** piety under Okawaru
 12304 | Lair:2   | Received a gift from Okawaru
 12355 | Lair:2   | Reached skill level 5 in Armour
 12977 | Lair:3   | Noticed a seven-headed hydra
 13490 | Lair:3   | Found a staircase to the Shoals.
 13682 | Lair:3   | Found a hole to the Spider Nest.
 13796 | Lair:3   | Killed a seven-headed hydra
 13960 | Lair:4   | Found a runed door.
 13961 | Lair:4   | Found a shimmering altar of Xom.
 13961 | Lair:4   | Noticed Caaffuqiox's ghost (journeyman MfGl)
 14240 | Lair:4   | Noticed Kirke
 14246 | Lair:4   | Noticed a catoblepas
 14274 | Lair:3   | HP: 4/122 [Kirke (16)]
 14671 | Lair:3   | Killed Kirke
 14671 | Lair:3   | Received a gift from Okawaru
 14671 | Lair:3   | Reached XP level 13. HP: 97/130 MP: 13/15
 14675 | Lair:3   | Got a slimy animal skin {god gift}
 14686 | Lair:3   | Identified the +2 animal skin of Makaciu {*Corrode *Drain
                  | rElec rC+++} (Okawaru gifted it to you on level 3 of the
                  | Lair of Beasts)
 14778 | Lair:4   | Identified Debeyrch's Reference Book on Earthen Attacks
 14898 | Lair:4   | Identified the Almanac of Flying Enchantment
 15550 | Lair:5   | Found a staircase to the Slime Pits.
 15551 | Lair:5   | Found a viscous altar of Jiyva.
 16257 | Lair:6   | Entered Level 6 of the Lair of Beasts
 16395 | Lair:5   | Reached skill level 7 in Shields
 16711 | Lair:6   | Reached skill level 8 in Shields
 17260 | Lair:5   | Reached skill level 9 in Shields
 17303 | Lair:6   | Received a gift from Okawaru
 17774 | Lair:6   | Noticed a fire dragon
 17790 | Lair:6   | Killed a fire dragon
 17790 | Lair:6   | Reached skill level 10 in Shields
 18181 | Lair:6   | Reached XP level 14. HP: 135/137 MP: 16/16
 18336 | Lair:6   | Reached skill level 11 in Shields
 18538 | Lair:6   | Received a gift from Okawaru
 18980 | D:13     | Found a gate to the Vaults.
 19051 | D:13     | Noticed Josephine
 19064 | D:13     | Killed Josephine
 19219 | D:13     | Reached skill level 12 in Shields
 19866 | D:13     | Noticed a stone giant
 19876 | D:13     | Killed a stone giant
 19907 | D:13     | Received a gift from Okawaru
 19914 | D:13     | Reached skill level 13 in Shields
 19937 | D:13     | Paralysed by a kobold demonologist for 5 turns
 19943 | D:13     | Gained mutation: Your body sometimes deteriorates upon
                  | taking damage. [a neqoxec]
 20255 | D:13     | Paralysed by a kobold demonologist for 6 turns
 20794 | D:14     | Found Gekhoep's Antique Armour Shop.
 20927 | D:14     | Reached XP level 15. HP: 145/145 MP: 17/17
 21659 | D:14     | Reached skill level 14 in Shields
 21824 | D:15     | Entered Level 15 of the Dungeon
 21940 | D:15     | Noticed Rupert
 21958 | D:15     | Killed Rupert
 21987 | D:15     | Found Tufiow's Armour Shoppe.
 21996 | D:15     | Received a gift from Okawaru
 22292 | D:15     | Got a scorched large shield {god gift}
 22303 | D:15     | Identified the +3 large shield "Cimuizes" {rPois rC+ MR+}
                  | (Okawaru gifted it to you on level 15 of the Dungeon)
 22326 | D:15     | Reached XP level 16. HP: 154/154 MP: 18/18
 22492 | D:15     | Reached skill level 15 in Shields
 22641 | D:15     | Noticed Roxanne
 22660 | D:15     | Killed Roxanne
 22671 | D:15     | Noticed Agnes
 22687 | D:15     | Killed Agnes
 23360 | D:15     | Noticed Azrael
 23375 | D:15     | Killed Azrael
 23466 | D:15     | Found a staircase to the Depths.
 23529 | D:15     | Found a sacrificial altar of Ru.
 23953 | Orc:1    | Entered Level 1 of the Orcish Mines
 23972 | Orc:1    | Gained mutation: Armour fits poorly on your strangely
                  | shaped body. [a neqoxec]
 23983 | Orc:1    | Gained mutation: You occasionally shout uncontrollably at
                  | your foes. [a neqoxec]
 24159 | D:14     | Lost mutation: You occasionally shout uncontrollably at
                  | your foes. [potion of mutation]
 24159 | D:14     | Lost mutation: Armour fits poorly on your strangely shaped
                  | body. [potion of mutation]
 24159 | D:14     | Lost mutation: Your body sometimes deteriorates upon taking
                  | damage. [potion of mutation]
 24159 | D:14     | Gained mutation: Your flesh is cold resistant. (rC+)
                  | [potion of mutation]
 24159 | D:14     | Gained mutation: Armour fits poorly on your strangely
                  | shaped body. [potion of mutation]
 24159 | D:14     | Gained mutation: Your spells are a little harder to cast,
                  | but a little more powerful. [potion of mutation]
 24160 | D:14     | Upgraded the game from 0.23-a0-636-g0ff6057 to
                  | 0.23-a0-639-ga9a3373
 24440 | Orc:2    | Entered Level 2 of the Orcish Mines
 24440 | Orc:2    | Found a staircase to the Elven Halls.
 24600 | Orc:2    | Found a dark tunnel.
 24607 | Volcano  | Entered a volcano
 24803 | Volcano  | Found a burning altar of Makhleb.
 24833 | Volcano  | Found a radiant altar of Vehumet.
 24990 | Orc:2    | Received a gift from Okawaru
 25061 | Orc:2    | Found Guggurui's General Store.
 25082 | Orc:2    | Found Pamihass's General Store.
 25179 | Orc:2    | Bought a scroll of identify for 28 gold pieces
 25499 | Orc:1    | Received a gift from Okawaru
 25632 | Orc:1    | Got smoking steam dragon scales {god gift}
 25643 | Orc:1    | Identified the +7 steam dragon scales "Luphus" {-Tele +Inv
                  | MR++ Stlth+} (Okawaru gifted it to you on level 1 of the
                  | Orcish Mines)
 25915 | Orc:2    | Reached XP level 17. HP: 161/161 MP: 16/19
 26083 | Orc:2    | Found Kaowav's Antique Weapon Shop.
 26083 | Orc:2    | Found Mesheis's Book Boutique.
 26083 | Orc:2    | Found a one-way gate leading to the halls of Pandemonium.
 26447 | Orc:1    | Found a roughly hewn altar of Beogh.
 26659 | Spider:1 | Entered Level 1 of the Spider Nest
 28259 | Spider:2 | Paralysed by a hornet for 3 turns
 28372 | Spider:1 | HP: 6/161 [something (4)]
 28373 | Spider:1 | HP: 1/161 [something (10)]
 28384 | Spider:1 | Received a gift from Okawaru
 28571 | Spider:1 | Upgraded the game from 0.23-a0-639-ga9a3373 to
                  | 0.23-a0-643-g9ccc95a
 28861 | Spider:2 | Found a runed gate.
 28861 | Spider:2 | Found a runed gate.
 28861 | Spider:2 | Found a runed gate.
 29475 | Spider:2 | Noticed Jyefoybb's ghost (adept NaWn)
 29476 | Spider:2 | Noticed wazuzu's ghost (adept DsBe)
 29511 | Spider:1 | Killed Jyefoybb's ghost
 29511 | Spider:1 | Received a gift from Okawaru
 29511 | Spider:1 | Reached skill level 10 in Fighting
 29573 | Spider:2 | Killed wazuzu's ghost
 29853 | Spider:3 | HP: 6/166 [redback (12)]
 29853 | Spider:3 | Slain by an entropy weaver

Vault maps used:
D:1:      evilmike_arrival_run_for_it, feat_on_display
D:2:      first_ration, uniq_natasha
D:3:      lemuel_doored_altar
D:4:      nicolae_overflow_crystal_walls, nicolae_overflow_hidden_temple,
          overflow_temple_1_default, trog_three_pillars_becter, uniq_eustachio
D:6:      grunt_temple_overflow_open, minmay_temple_entry_hall
D:7:      gammafunk_ghost_smash, uniq_harold
D:8:      erik_lair_orcish_takeover, basic_altar
D:10:     orc_0_dummy, blue_anna_alchemist, minmay_hedge_maze
D:11:     nrook_guardian_serpent_ordinary, uniq_sonja
D:12:     special_room
D:13:     minmay_heptahexagon, erik_vaults_1, chequers_serial_rivers_small_b,
          uniq_josephine
D:14:     hangedman_abyss_or_decor_stabs, serial_shops, nicolae_shop_crystal,
          st_stairs_10
D:15:     grunt_enter_depths_snipers, hangedman_ru_absence, serial_shops,
          shop_fountains, nicolae_twisting_strands, uniq_azrael, uniq_roxanne,
          uniq_rupert, uniq_agnes
Temple:   eino_temple_scatter_basement
Lair:2:   minmay_lair_oklob_items
Lair:3:   shoals_dummy_entry, spider_nest_entry_webs, grunt_megastairs_2
Lair:4:   ebering_ghost_xom, st_stairs_8, uniq_kirke
Lair:5:   slime_altar_1, grunt_forest_small_clearing_treed, lemuel_fruit_fields,
          lemuel_fruit_tree
Lair:6:   hangedman_lair_caniforms_friends, guppyfry_lair_end_dragon,
          st_stairs_9, infiniplex_staircase_pool, grunt_megastairs_4
Spider:2: gammafunk_ghost_cemetery
Spider:3: gammafunk_ghost_cemetery, nicolae_spider_nook
Orc:1:    serial_shops, minmay_orc_temple_a
Orc:2:    pf_orc_diabolical, enter_volcano_2, rock_pile
Volcano:  volcano_grotto

Skill      XL: |  1  2  3  4  5  6  7  8  9 10 11 12 13 14 15 16 17 |
---------------+----------------------------------------------------+-----
Unarmed Combat | 4 5 6 8 9 10 14 | 14.9
Invocations    | 5 |  5.1
Dodging        | 3 7 9 |  9.1
Fighting       | 4 8 10 | 10.1
Shields        | 6 10 13 14 15 | 15.0
Armour         | 4 8 9 |  9.3
Throwing       | 5 6 |  6.6
Evocations     | 2 |  2.2
Stealth        | |  1.0

Action                   |  1- 3 |  4- 6 |  7- 9 | 10-12 | 13-15 | 16-18 || total
-------------------------+-------+-------+-------+-------+-------+-------++-------
Melee: Unarmed           |    84 |   181 |   286 |   882 |  1377 |  1325 ||  4135
       Punch             |       |     6 |    11 |    16 |       |       ||    33
 Fire: Blowgun           |       |     4 |       |       |       |       ||     4
Throw: Large rock        |       |       |       |     2 |    18 |    16 ||    36
       Javelin           |       |       |       |       |       |    12 ||    12
Invok: Heroism           |       |       |     3 |    16 |    19 |    17 ||    55
Evoke: Wand              |       |       |       |       |     1 |     2 ||     3
       Lamp of fire      |       |       |       |       |     1 |       ||     1
  Use: Scroll            |       |       |    11 |     9 |     9 |     3 ||    32
       Potion            |       |       |       |     1 |     5 |     6 ||    12
 Stab: Sleeping          |     4 |     2 |     2 |     7 |    10 |    12 ||    37
       Distracted        |       |       |       |     1 |     2 |     2 ||     5
       Petrified         |       |       |       |       |     4 |       ||     4
  Eat: Chunk             |    13 |    18 |    36 |    70 |    76 |    63 ||   276
Armor: Robe              |    30 |    54 |    55 |    47 |       |       ||   186
       Troll leather arm |       |       |       |   114 |       |       ||   114
       Shadow dragon sca |       |       |       |   117 |   703 |   521 ||  1341
       Fire dragon scale |       |       |       |       |       |    18 ||    18
Dodge: Dodged            |    47 |    96 |   179 |   472 |   431 |   426 ||  1651
Block: Large shield      |       |       |       |   632 |  1668 |  2075 ||  4375
       Reflection        |       |       |       |       |    37 |    28 ||    65

Table legend:
 A = Non-vault XP
 B = Vault XP
 C = Vault XP percentage of total XP
 D = Non-vault monster count
 E = Vault monster count
 F = Vault count percentage of total count
                 A         B        C        D         E       F
            +---------+---------+-------+---------+---------+-------
      Total |  131772 |   82288 |  38.4 |     687 |     283 |  29.2
            +---------+---------+-------+---------+---------+-------
        D:1 |      68 |       5 |   6.8 |      23 |       1 |   4.2
        D:2 |     193 |      35 |  15.4 |      28 |       1 |   3.4
        D:3 |      81 |       0 |   0.0 |      30 |       0 |   0.0
        D:4 |     147 |     196 |  57.1 |       6 |       1 |  14.3
        D:5 |     288 |       0 |   0.0 |      11 |       0 |   0.0
        D:6 |    1315 |       0 |   0.0 |      30 |       0 |   0.0
        D:7 |     736 |     981 |  57.1 |      18 |       1 |   5.3
        D:8 |    1330 |     585 |  30.5 |      24 |       8 |  25.0
        D:9 |    2316 |       0 |   0.0 |      34 |       0 |   0.0
       D:10 |    4083 |     100 |   2.4 |      28 |       1 |   3.4
       D:11 |    3137 |    1272 |  28.9 |      26 |       2 |   7.1
       D:12 |    7288 |    2254 |  23.6 |      40 |      28 |  41.2
       D:13 |    8234 |   18791 |  69.5 |      33 |      49 |  59.8
       D:14 |   11313 |     325 |   2.8 |      34 |       2 |   5.6
       D:15 |   17723 |   11115 |  38.5 |      46 |      11 |  19.3
     Lair:1 |     758 |       0 |   0.0 |       3 |       0 |   0.0
     Lair:2 |    3436 |     978 |  22.2 |      21 |       3 |  12.5
     Lair:3 |    6470 |    3306 |  33.8 |      25 |       4 |  13.8
     Lair:4 |    4640 |     193 |   4.0 |      16 |       1 |   5.9
     Lair:5 |    4173 |     628 |  13.1 |      17 |       3 |  15.0
     Lair:6 |    8596 |   16959 |  66.4 |      28 |      79 |  73.8
   Spider:1 |   20209 |    3134 |  13.4 |      48 |       1 |   2.0
   Spider:2 |   13078 |    1832 |  12.3 |      45 |       1 |   2.2
      Orc:1 |   10580 |     137 |   1.3 |      54 |       7 |  11.5
      Orc:2 |    1580 |   15427 |  90.7 |      19 |      60 |  75.9
    Volcano |       0 |    4035 | 100.0 |       0 |      19 | 100.0
            +---------+---------+-------+---------+---------+-------
